 Dungeon Crawl Stone Soup version 0.29-a0-234-g0dae59b3db (webtiles) character file.

Game seed: 7475726506953037193

7423 Aksej the Basher (level 10, -3/83 HPs)
             Began as a Demonspawn Monk on Mar 2, 2022.
             Was an Elder of Wu Jian.
             Slain by an orc warrior
             ... wielding a +0 long sword
              (11 damage)
             ... on level 2 of the Orcish Mines.
             The game lasted 00:20:00 (10229 turns).

Aksej the Basher (Demonspawn Monk)                 Turns: 10229, Time: 00:20:01

Health: -3/83      AC:  6    Str: 17    XL:     10   Next: 93%
Magic:  0/10       EV: 19    Int: 18    God:    Wu Jian [****..]
Gold:   654        SH:  0    Dex: 30    Spells: 9/9 levels left

rFire   + + .      SeeInvis .   a - +9 great mace of Precise Incision {distort, Drain Dex+7}
rCold   . . .      Faith    .   (shield currently unavailable)
rNeg    . . .      Spirit   +   A - +3 leather armour {rF+}
rPois   .          Reflect  .   (no helmet)
rElec   .          Harm     .   (no cloak)
rCorr   .          Rampage  .   (no gloves)
Will    .....                   (boots unavailable)
Stlth   +++++.....              (no amulet)
HPRegen 0.23/turn               d - +6 ring of dexterity
MPRegen 0.24/turn               n - ring of Bisadwid {rF+ Str+3 Int+6 Stlth+}

@: no status effects
A: hooves 3, repulsion field 2, magic shield, magic regeneration
a: Renounce Religion, Wall Jump, Serpent's Lash


You were on level 2 of the Orcish Mines.
You worshipped Wu Jian.
Wu Jian was greatly pleased with you.
You visited 3 branches of the dungeon, and saw 12 of its levels.

You collected 654 gold pieces.

Inventory:

Hand Weapons
 a - the +9 great mace of Precise Incision (weapon) {distort, Drain Dex+7}
   (You acquired it on level 2 of the Dungeon)

   It warps and distorts space around it, and may blink, banish, or inflict
   extra damage upon those it strikes.
   Unwielding it can cause banishment or high damage.
   Dex:       It affects your dexterity (+7).
   Drain:     It drains your maximum health when unequipped.
Missiles
 e - 3 boomerangs
 j - 2 javelins
 v - 2 boomerangs of dispersal
 w - 2 throwing nets
Armour
 h - a +0 cloak
 A - a +3 leather armour of fire resistance (worn)
Jewellery
 d - a +6 ring of dexterity (left hand)
 g - a ring of magical power
 n - the ring of Bisadwid (right hand) {rF+ Str+3 Int+6 Stlth+}
   (You found it on level 3 of the Dungeon)

   [ring of intelligence]

   Str:       It affects your strength (+3).
   Int:       It affects your intelligence (+6).
   rF:        It protects you from fire.
   Stlth:     It makes you more stealthy.
 p - a ring of ice
 s - a +6 ring of intelligence
Wands
 i - a wand of flame (17)
 q - a wand of iceblast (10)
 y - a wand of polymorph (8)
 D - a wand of charming (5)
 E - a wand of paralysis (8)
Scrolls
 c - 3 scrolls of immolation
 o - a scroll of blinking {unknown}
 z - 4 scrolls of magic mapping
Potions
 b - 3 potions of curing
 f - a potion of might
 k - a potion of cancellation
 l - a potion of lignification
 r - a potion of ambrosia
 t - a potion of resistance
 u - a potion of attraction
 x - a potion of brilliance
 B - a potion of invisibility
 C - a potion of haste {unknown}


   Skills:
 * Level 9.0 Fighting
 + Level 10.8 Maces & Flails
 + Level 3.6 Armour
 + Level 4.6 Dodging
 + Level 7.3 Stealth


You had 9 spell levels left.
You didn't know any spells.
Your spell library was empty.

Dungeon Overview and Level Annotations

Branches:
Dungeon (9/15)             Temple (1/1) D:5            Lair (0/6) D:9
    Orc (2/2) D:9             Elf (0/3) Orc:2

Altars:
Ashenzari
Dithmenos
Fedhas
Hepliaklqana
Kikubaaqudgha
Makhleb
Nemelex Xobeh
Okawaru
Sif Muna
Uskayaw
Vehumet
Wu Jian
Xom
Yredelemnul

Shops:
D:2 ((   D:9 =


Innate Abilities, Weirdness & Mutations

You have hooves in place of feet.
You are surrounded by a moderate repulsion field. (EV +3)
When hurt, damage is shared between your health and your magic reserves.
You regenerate magic rapidly.


Message History

You spin to attack the orc wizard, but your attack speed is too slow for a blow to land.
An orc priest comes into view. It is wielding a +0 short sword.
The orc priest hits you with a +0 mace.
An orc wizard comes into view. It is wielding a +0 dagger.
The orc wizard gestures at you while chanting.
You are confused.
The orc warrior throws a boomerang.
The boomerang closely misses you.
The orc wizard gestures at you while chanting.
The puff of flame hits you. You resist.
The orc warrior shouts!
The orc priest shouts!
An orc warrior, 3 orc priests and 2 orc wizards come into view.
The orc priest shouts!
The orc wizard shouts!
You hear a shout!
The orc priest shouts!
You hear a shout! x3
An orc wizard comes into view. It is wielding a +0 dagger.
An orc priest comes into view. It is wielding a +0 dagger.
The orc priest mumbles some strange prayers to Beogh against you.
Beogh smites you!
The orc warrior throws a boomerang.
The boomerang hits you.
An orc priest comes into view. It is wielding a +0 short sword.
An orc wizard comes into view. It is wielding a +0 dagger.
You are too confused!
An orc wizard and an orc priest come into view.
The orc priest shouts! x3; The orc wizard shouts!
You hear a shout! x2
The orc priest looks satisfied for a moment.
The orc priest calls down the wrath of Beogh upon you.
Beogh smites you!
* * * LOW HITPOINT WARNING * * *
The orc priest hits you with a +0 hand axe.
* * * LOW HITPOINT WARNING * * *
The orc warrior cheers repeatedly.
The orc wizard closely misses you.
An orc high priest comes into view. It is wielding a +0 mace.
You feel better.
The orc priest hits you with a +0 short sword.
* * * LOW HITPOINT WARNING * * *
The orc priest calls down the wrath of Beogh upon you.
Beogh smites you!
* * * LOW HITPOINT WARNING * * *
The orc priest closely misses you.
The orc warrior hits you with a +0 long sword!
You die...

..<........#$......$..
......................
.....................
..........)........#
$........).)......#
.......)))).....#######.
.............)..........
..............o.o.......
..$......######o@o#####
........##.....o.o.o...#
.......##........o......
...<...# ...oo#####ooo..
.......# .oo.. o.o..
.......# ..oo# .o..
.......# ...# .o.
.......# .#o .#.
.......#


You could see an orc high priest, 3 orc warriors, 10 orc priests and 8 orc
wizards.

Vanquished Creatures
  An orc sorcerer (Orc:1)
  3 slime creatures (D:8)
  Prince Ribbit (D:6)
  Eustachio (D:6)
  A yak (D:9)
  A vampire (D:6)
  2 steam dragons
  Edmund (D:4)
  A warg (D:9)
  Menkaure (D:5)
  An acid dragon (D:8)
  2 water moccasins
  3 orc warriors
  A black bear (D:8)
  5 sky beasts
  An ice beast (D:7)
  A centaur (D:7)
  5 ogres
  2 phantoms
  3 kobold brigands (D:9)
  Blork the orc (D:5)
  A bullfrog (D:9)
  A necrophage (D:6)
  5 scorpions
  8 wights
  14 killer bees
  6 hounds
  3 jellies
  4 orc priests
  A gnoll shaman (D:7)
  Ijyb (D:5)
  2 iguanas
  10 orc wizards
  4 gnolls
  10 adders
  A shadow imp (D:5)
  3 white imps
  3 worms
  4 dart slugs
  32 orcs
  7 ball pythons
  7 endoplasms
  A giant cockroach (D:2)
  6 goblins
  12 hobgoblins
  2 jackals (D:2)
  5 quokkas
  6 bats
  4 frilled lizards
  16 kobolds
  2 rats
219 creatures vanquished.

Vanquished Creatures (others)
  3 plants (D:8)
3 creatures vanquished.

Grand Total: 222 creatures vanquished

Notes
Turn   | Place    | Note
-------+----------+-------------------------------------------
     0 | D:1      | Aksej the Demonspawn Monk began the quest for the Orb.
     0 | D:1      | Reached XP level 1. HP: 18/18 MP: 1/1
   390 | D:1      | Gained mutation: You have large cloven feet. [demonic
                  | ancestry]
   390 | D:1      | Reached XP level 2. HP: 19/24 MP: 2/2
   590 | D:1      | Found a faded altar of an unknown god.
  1299 | D:2      | Reached skill level 3 in Maces & Flails
  1546 | D:2      | Gained mutation: You have hoof-like feet. [demonic
                  | ancestry]
  1546 | D:2      | Reached XP level 3. HP: 24/29 MP: 3/3
  1600 | D:2      | Found Horeryn's Antique Weapon Shoppe.
  2003 | D:2      | Found Coqiwouti's Antique Weapon Emporium.
  2048 | D:2      | Gained mutation: You are surrounded by a mild repulsion
                  | field. (EV +2) [demonic ancestry]
  2048 | D:2      | Reached XP level 4. HP: 24/35 MP: 4/4
  2467 | D:2      | Identified a scroll of acquirement
  2467 | D:2      | Acquired the +9 great mace of Precise Incision {distort,
                  | Drain Dex+7}
  2539 | D:3      | Found a radiant altar of Vehumet.
  2643 | D:3      | Identified the ring of Bisadwid {rF+ Str+3 Int+6 Stlth+}
  3124 | D:3      | Reached skill level 4 in Maces & Flails
  3410 | D:4      | Gained mutation: You are surrounded by a moderate repulsion
                  | field. (EV +3) [demonic ancestry]
  3410 | D:4      | Reached XP level 5. HP: 42/42 MP: 5/5
  3444 | D:4      | Noticed Edmund
  3454 | D:4      | Killed Edmund
  3672 | D:4      | Found a broken altar of Ashenzari.
  3718 | D:4      | Reached XP level 6. HP: 42/48 MP: 6/6
  4102 | D:4      | Reached skill level 5 in Maces & Flails
  4348 | D:4      | Gained mutation: You have hooves in place of feet. [demonic
                  | ancestry]
  4348 | D:4      | Reached XP level 7. HP: 55/55 MP: 7/7
  4485 | D:5      | Entered Level 5 of the Dungeon
  4498 | D:5      | Noticed Menkaure
  4501 | D:5      | Killed Menkaure
  4502 | D:5      | Reached skill level 5 in Fighting
  4576 | D:5      | Found a staircase to the Ecumenical Temple.
  4594 | Temple   | Entered the Ecumenical Temple
  4629 | Temple   | Became a worshipper of the Wu Jian Council
  4629 | Temple   | Reached * piety under Wu Jian
  4629 | Temple   | Reached ** piety under Wu Jian
  4697 | D:5      | Reached skill level 6 in Maces & Flails
  4963 | D:5      | Gained mutation: You regenerate magic rapidly. [demonic
                  | ancestry]
  4963 | D:5      | Reached XP level 8. HP: 55/63 MP: 8/8
  5095 | D:5      | Found a burning altar of Makhleb.
  5285 | D:5      | Noticed Ijyb
  5295 | D:5      | Killed Ijyb
  5399 | D:5      | Noticed Blork the orc
  5407 | D:5      | Killed Blork the orc
  5548 | D:6      | Reached skill level 5 in Stealth
  5568 | D:6      | Found a blossoming altar of Fedhas.
  5572 | D:6      | Reached skill level 7 in Maces & Flails
  5614 | D:6      | Reached skill level 1 in Armour
  5800 | D:6      | Found a shimmering altar of Xom.
  5822 | D:6      | Reached XP level 9. HP: 33/71 MP: 9/9
  6055 | D:6      | Noticed Prince Ribbit
  6062 | D:6      | Killed Prince Ribbit
  6289 | D:6      | Noticed Eustachio
  6299 | D:6      | Killed Eustachio
  6300 | D:6      | Reached skill level 8 in Maces & Flails
  6361 | D:6      | Reached *** piety under Wu Jian
  6700 | D:7      | Found an iron altar of Okawaru.
  6816 | D:7      | Paralysed by an orc warrior for 7 turns
  7210 | D:7      | Reached skill level 9 in Maces & Flails
  7784 | D:8      | Gained mutation: When hurt, damage is shared between your
                  | health and your magic reserves. [demonic ancestry]
  7784 | D:8      | Reached XP level 10. HP: 80/80 MP: 10/10
  7801 | D:8      | Found a hazy altar of Hepliaklqana.
  8273 | D:8      | Found a sparkling altar of Nemelex Xobeh.
  8458 | D:8      | Reached **** piety under Wu Jian
  8785 | D:8      | Found an ancient bone altar of Kikubaaqudgha.
  9070 | D:9      | Reached skill level 10 in Maces & Flails
  9076 | D:9      | Found a shadowy altar of Dithmenos.
  9424 | D:9      | Found a staircase to the Orcish Mines.
  9781 | D:9      | Found Xicu Urghe's Jewellery Emporium.
  9829 | D:9      | Found a staircase to the Lair.
  9846 | D:9      | Found a hide-covered altar of Uskayaw.
  9846 | D:9      | Found a basalt altar of Yredelemnul.
  9931 | Orc:1    | Entered Level 1 of the Orcish Mines
  9931 | Orc:1    | Noticed an orc sorcerer
  9935 | Orc:1    | Killed an orc sorcerer
 10207 | Orc:2    | Entered Level 2 of the Orcish Mines
 10214 | Orc:2    | Found a staircase to the Elven Halls.
 10228 | Orc:2    | Noticed an orc high priest
 10229 | Orc:2    | Slain by an orc warrior

Illustrated notes

Levels and vault maps discovered:
D:1:      dpeg_arrival_round_c, layout_basic,
          shapermc_ecumenical_altar_acropolis, hangedman_decor_push,
          hex_intersection
D:2:      layout_basic, serial_shops, shop, nicolae_shop_trees,
          skrybe_limestone_x, st_stairs_7
D:3:      layout_basic, nicolae_overflow_crystal_walls, minmay_cut_off
D:4:      layout_basic, nicolae_ashenzari_panopticon, kennysheep_generic_room_6,
          uniq_edmund
D:5:      layout_loops_ring, makhleb_heckhound_becter, minmay_temple_entry_grid,
          uniq_menkaure, uniq_blork_the_orc, uniq_ijyb
D:6:      layout_basic, mainiacjoe_overflow_24_doors,
          mainiacjoe_overflow_small_starburst, uniq_eustachio,
          uniq_prince_ribbit1
D:7:      layout_basic, mainiacjoe_overflow_concentric_impassable,
          chequers_serial_rivers_micro_b
D:8:      layout_basic, mainiacjoe_overflow_boulevard, lemuel_tele_altar,
          mainiacjoe_overflow_brackets
D:9:      layout_rooms, nicolae_dithmenos_shadow_blocks,
          grunt_temple_overflow_open, dpeg_oklobed_lair, david_orc_3,
          nicolae_take_the_stairs, st_stairs_9
Temple:   nicolae_temple_figure_zero
Orc:1:    minmay_goldmine, layout_caves, basic_altar, uniq_snorg
Orc:2:    st_orc_mages, layout_caves

Skill      XL: |  1  2  3  4  5  6  7  8  9 10 |
---------------+-------------------------------+-----
Dodging        | 3 4 |  4.6
Stealth        | 2 3 4 5 6 7 |  7.3
Maces & Flails | 3 4 5 6 7 9 10 | 10.8
Fighting       | 4 5 6 7 9 |  9.0
Armour         | 1 3 |  3.6

Action                   |  1- 3 |  4- 6 |  7- 9 | 10-12 || total
-------------------------+-------+-------+-------+-------++-------
Melee: Mace              |   110 |    17 |       |       ||   127
       Kick              |    19 |     5 |    30 |    28 ||    82
       Punch             |     1 |       |       |       ||     1
       Great mace        |       |    57 |   143 |   133 ||   333
Throw: Javelin           |     2 |       |       |       ||     2
Invok: Whirlwind         |       |       |    30 |    33 ||    63
       Lunge             |       |       |    24 |    15 ||    39
Evoke: Wand              |       |       |       |     2 ||     2
  Use: Scroll            |     3 |     3 |     8 |     3 ||    17
       Potion            |       |     1 |     3 |     1 ||     5
 Stab: Sleeping          |     9 |    18 |    21 |     6 ||    54
       Distracted        |       |       |     2 |     1 ||     3
Armor: Robe              |    18 |     4 |     1 |       ||    23
       Leather armour    |       |       |    23 |    16 ||    39
Dodge: Dodged            |    71 |    62 |   102 |   124 ||   359

Table legend: (Time is in decaauts)
 A = Elapsed time spent in this place.
 B = Non-inter-level travel time spent in this place.
 C = Inter-level travel time spent in this place.
 D = Time resting spent in this place.
 E = Time spent auto-exploring this place.
 F = Levels seen in this place.
 G = Mean time per level.
                   A        B        C        D        E       F      G
               +--------+--------+--------+--------+--------+-----+--------+
         Total |  10334 |  10117 |    217 |     27 |   8576 |  12 |  861.2 |
       Dungeon |   9988 |   9799 |    189 |     27 |   8295 |   9 | 1109.8 |
        Temple |     47 |     36 |     11 |      0 |     30 |   1 |   47.0 |
  Orcish Mines |    298 |    281 |     17 |      0 |    251 |   2 |  149.0 |
               +--------+--------+--------+--------+--------+-----+--------+

Top non-repeatable levels by time:
     D:2: 1372 daAuts
     D:8: 1291 daAuts
     D:7: 1236 daAuts
     D:1: 1198 daAuts
     D:4: 1113 daAuts
     D:5: 1017 daAuts
     D:6: 1005 daAuts
     D:9: 888 daAuts
     D:3: 864 daAuts
   Orc:1: 276 daAuts
  Temple: 47 daAuts
   Orc:2: 22 daAuts
